General information
- name: BNet
- type: Ladder team game (AT/RT)
- host: Battle.net
- saver: MiAmice
map: GoldRush
- players: 8
- length: 09:12
- speed: Fast
- version: 1.26 W3XP
- replay type: Public
» download(62 KB)
Players
team 1 (winner)
maaricatu (
green | 71 APM | 653 actions | 09:11)
2 Death Knight
1 Death Coil
1 Unholy Aura
» actions
| Assign group hotkey | 30 | |
| Basic commands | 68 | |
| Build / train | 38 | |
| Enter build submenu | 10 | |
| Enter hero's abilities submenu | 2 | |
| Right click | 187 | |
| Select / deselect | 135 | |
| Select group hotkey | 149 | |
| Use ability | 34 | |
653 total
» units
| Acolyte | 7 | |
| Ghoul | 8 | |
| Crypt Fiend | 7 | |
22 total
» upgrades
| Creature Attack | 1 | |
| Creature Carapace | 1 | |
2 total
» buildings
| Crypt | 2 | |
| Altar of Darkness | 1 | |
| Ziggurat | 7 | |
| Graveyard | 1 | |
| Tomb of Relics | 1 | |
| Halls of the Dead | 2 | |
14 total
» build order
00:28 Crypt
00:29 Altar of Darkness
00:53 Ziggurat
01:17 Graveyard
01:34 Tomb of Relics
02:14 Ziggurat
04:08 Ziggurat
04:58 Crypt
07:35 Halls of the Dead
07:35 Halls of the Dead
08:24 Ziggurat
08:24 Ziggurat
08:25 Ziggurat
08:25 Ziggurat
» items
elfsarecool (
pink | 59 APM | 541 actions | 09:11)
2 Dark Ranger
1 Silence
1 Black Arrow
» actions
| Build / train | 39 | |
| Enter build submenu | 14 | |
| Enter hero's abilities submenu | 2 | |
| Right click | 327 | |
| Select / deselect | 135 | |
| Use ability | 24 | |
541 total
» units
» upgrades
| Strength of the Moon | 1 | |
| Strength of the Wild | 2 | |
| Reinforced Hides | 2 | |
| Improved Bows | 1 | |
| Nature's Blessing | 1 | |
7 total
» buildings
| Altar of Elders | 1 | |
| Moon Well | 4 | |
| Ancient of War | 1 | |
| Hunter's Hall | 1 | |
| Ancient of Wonders | 1 | |
| Tree of Ages | 1 | |
| Tree of Life | 2 | |
| Ancient Protector | 3 | |
14 total
» build order
00:13 Altar of Elders
00:17 Moon Well
00:45 Ancient of War
01:33 Moon Well
01:40 Moon Well
02:01 Hunter's Hall
02:15 Ancient of Wonders
04:09 Tree of Ages
05:09 Tree of Life
05:24 Moon Well
06:10 Tree of Life
07:52 Ancient Protector
08:20 Ancient Protector
08:25 Ancient Protector
» items
MiAmice (
blue | 62 APM | 567 actions | 09:12)
4 Lich
2 Frost Nova
2 Frost Armor
» actions
| Assign group hotkey | 11 | |
| Basic commands | 5 | |
| Build / train | 35 | |
| Enter build submenu | 13 | |
| Enter hero's abilities submenu | 4 | |
| Give item / drop item | 1 | |
| Right click | 263 | |
| Select / deselect | 124 | |
| Select group hotkey | 92 | |
| Use ability | 19 | |
567 total
» units
| Acolyte | 7 | |
| Ghoul | 2 | |
| Crypt Fiend | 10 | |
19 total
» upgrades
» buildings
| Graveyard | 1 | |
| Crypt | 1 | |
| Altar of Darkness | 1 | |
| Ziggurat | 3 | |
| Nerubian Tower | 2 | |
| Tomb of Relics | 1 | |
| Halls of the Dead | 1 | |
| Spirit Tower | 2 | |
| Black Citadel | 1 | |
13 total
» build order
00:10 Graveyard
00:23 Crypt
00:43 Altar of Darkness
01:00 Ziggurat
01:58 Ziggurat
02:00 Nerubian Tower
02:15 Tomb of Relics
04:03 Halls of the Dead
04:16 Spirit Tower
05:16 Ziggurat
06:26 Spirit Tower
08:59 Black Citadel
» items

»
DanMastro (
purple | 22 APM | 205 actions | 09:11)
2 Blademaster
1 Wind Walk
1 Critical Strike
» actions
| Build / train | 20 | |
| Enter build submenu | 23 | |
| Enter hero's abilities submenu | 2 | |
| Remove unit from queue | 1 | |
| Right click | 63 | |
| Select / deselect | 69 | |
| Use ability | 27 | |
205 total
» units
» upgrades
» buildings
| Orc Burrow | 2 | |
| Altar of Storms | 1 | |
| War Mill | 1 | |
| Watch Tower | 15 | |
| Stronghold | 1 | |
| Fortress | 1 | |
21 total
» build order
00:05 Orc Burrow
00:15 Altar of Storms
00:38 War Mill
01:44 Orc Burrow
02:27 Watch Tower
02:59 Watch Tower
03:41 Watch Tower
03:53 Watch Tower
04:42 Watch Tower
04:46 Watch Tower
04:55 Stronghold
05:15 Watch Tower
06:03 Watch Tower
06:09 Watch Tower
06:14 Watch Tower
06:22 Watch Tower
07:01 Watch Tower
08:01 Watch Tower
08:15 Watch Tower
08:16 Watch Tower
09:03 Fortress
team 2 (loser)
626 (
teal | 56 APM | 489 actions | 08:39)
2 Death Knight
1 Death Coil
1 Unholy Aura
» actions
| Assign group hotkey | 38 | |
| Basic commands | 15 | |
| Build / train | 25 | |
| Enter build submenu | 10 | |
| Enter hero's abilities submenu | 2 | |
| Remove unit from queue | 1 | |
| Right click | 233 | |
| Select / deselect | 143 | |
| Select group hotkey | 2 | |
| Use ability | 20 | |
489 total
» units
| Acolyte | 2 | |
| Ghoul | 8 | |
| Crypt Fiend | 2 | |
12 total
» upgrades
» buildings
| Ziggurat | 4 | |
| Crypt | 1 | |
| Altar of Darkness | 1 | |
| Nerubian Tower | 2 | |
| Tomb of Relics | 1 | |
| Graveyard | 1 | |
| Halls of the Dead | 1 | |
| Spirit Tower | 2 | |
| Slaughterhouse | 1 | |
14 total
» build order
00:12 Ziggurat
00:19 Crypt
00:38 Altar of Darkness
01:02 Ziggurat
01:10 Nerubian Tower
02:03 Tomb of Relics
02:19 Nerubian Tower
02:41 Graveyard
03:46 Ziggurat
04:35 Halls of the Dead
04:41 Ziggurat
05:15 Spirit Tower
05:47 Spirit Tower
08:09 Slaughterhouse
» items
| Rod of Necromancy | 1 | |
| Scroll of Town Portal | 1 | |
| Potion of Healing | 1 | |
3 total

»
SpacemanSpiff (
red | 33 APM | 303 actions | 09:10)
2 Death Knight
1 Death Coil
1 Unholy Aura
» actions
| Assign group hotkey | 8 | |
| Basic commands | 1 | |
| Build / train | 20 | |
| Enter build submenu | 15 | |
| Enter hero's abilities submenu | 2 | |
| Right click | 118 | |
| Select / deselect | 94 | |
| Select group hotkey | 23 | |
| Use ability | 22 | |
303 total
» units
» buildings
| Altar of Darkness | 1 | |
| Ziggurat | 8 | |
| Crypt | 2 | |
| Nerubian Tower | 1 | |
| Tomb of Relics | 1 | |
| Halls of the Dead | 1 | |
| Graveyard | 1 | |
| Spirit Tower | 2 | |
| Slaughterhouse | 1 | |
18 total
» build order
00:17 Altar of Darkness
00:29 Ziggurat
00:30 Ziggurat
00:36 Crypt
01:30 Nerubian Tower
01:33 Crypt
01:47 Tomb of Relics
02:19 Ziggurat
03:11 Ziggurat
04:49 Ziggurat
05:09 Halls of the Dead
05:36 Graveyard
06:32 Ziggurat
06:34 Ziggurat
06:35 Ziggurat
07:47 Spirit Tower
07:48 Spirit Tower
07:56 Slaughterhouse
» items
| Rod of Necromancy | 1 | |
| Dust of Appearance | 1 | |
2 total
ANGRY_GREEK_MAN (
yellow | 110 APM | 960 actions | 08:42)
3 Blood Mage
1 Banish
1 Siphon Mana
1 Flame Strike
» actions
| Assign group hotkey | 27 | |
| Basic commands | 31 | |
| Build / train | 29 | |
| Enter build submenu | 16 | |
| Enter hero's abilities submenu | 3 | |
| Right click | 498 | |
| Select / deselect | 187 | |
| Select group hotkey | 147 | |
| Use ability | 22 | |
960 total
» units
» buildings
| Altar of Kings | 1 | |
| Farm | 7 | |
| Barracks | 1 | |
| Scout Tower | 1 | |
| Arcane Tower | 1 | |
| Lumber Mill | 1 | |
| Town Hall | 1 | |
| Arcane Vault | 1 | |
| Keep | 1 | |
| Arcane Sanctum | 1 | |
| Blacksmith | 1 | |
| Castle | 1 | |
18 total
» build order
00:07 Altar of Kings
00:19 Farm
00:21 Barracks
00:34 Farm
01:32 Farm
01:44 Scout Tower
02:18 Arcane Tower
02:41 Lumber Mill
03:50 Town Hall
03:59 Arcane Vault
04:31 Farm
05:13 Keep
05:17 Farm
05:19 Farm
06:03 Farm
07:43 Arcane Sanctum
08:38 Blacksmith
08:39 Castle
» items
zZDestroyerZz (
orange | 20 APM | 158 actions | 08:06)
2 Keeper of the Grove
1 Force of Nature
1 Entangling Roots
» actions
| Build / train | 19 | |
| Enter build submenu | 7 | |
| Enter hero's abilities submenu | 2 | |
| Right click | 47 | |
| Select / deselect | 61 | |
| Use ability | 22 | |
158 total
» units
» buildings
| Altar of Elders | 1 | |
| Moon Well | 3 | |
| Ancient of War | 2 | |
| Tree of Life | 1 | |
| Tree of Ages | 1 | |
8 total
» build order
00:38 Altar of Elders
00:50 Moon Well
01:14 Ancient of War
01:52 Ancient of War
02:10 Moon Well
04:13 Moon Well
05:39 Tree of Life
07:14 Tree of Ages
Chat log
(00:18 / Allies) MiAmice: units? I'm going fiend/destro
(00:34 / Allies) maaricatu: i got fiends wyrms
(00:34 / Allies) elfsarecool: dryads giants
(03:44 / Allies) DanMastro: attack red
(03:52 / Allies) maaricatu: going
(05:21 / Allies) maaricatu: we should finish red
(05:26 / Allies) maaricatu: expand and meet
(05:31 / Allies) MiAmice: k
(05:55 / Allies) DanMastro: he got smart
(05:56 / Allies) DanMastro: no matter
(06:07 / Allies) maaricatu: go
(06:15 / Allies) elfsarecool: omw
(06:58 / Allies) MiAmice: tp
(08:16 / Allies) maaricatu: go fast
(08:44 / All) MiAmice: gg
(08:52 / All) SpacemanSpiff: i dont get why they left
(08:54 / All) SpacemanSpiff: seriosuly
(08:55 / All) MiAmice: you lost
(08:57 / All) MiAmice: i guess
(09:04 / All) SpacemanSpiff: thanks, douchebag, i know
(09:08 / All) MiAmice: oh